Map: Last Fantasy LE

Players

Schwiift - Winner!

  • Race: Zerg Zerg
  • Spawn Location: 7:00

Thecrazy

  • Race: Protoss Protoss
  • Spawn Location: 12:00

VOD

Have the link to the VOD?

Description

Time

  • Played on: Oct. 27, 2025, 7:49 a.m.
  • Length: 10:38
Show
View Real Time Build Order
Export as new Build Order

Schwiift Zerg - Winner!

Build Orders: Hatch First, Roach Hydra 

Get SALT Encoding   

  12  0:01  Drone  
  13  0:12  Overlord  
  13  0:18  Drone  
  14  0:30  Drone x2  
  16  0:51  Hatchery  
  16  0:52  Drone  
  16  0:55  Drone  
  17  1:01  Extractor  
  16  1:07  Drone  
  16  1:10  Drone  
  18  1:20  Spawning Pool  
  18  1:24  Drone  
  18  1:28  Drone  
  19  1:42  Drone  
  20  2:01  Evolution Chamber  
  20  2:03  Drone  
  20  2:05  Drone x2  
  22  2:12  Metabolic Boost  
  22  2:14  Zergling x4  
  24  2:19  Queen  
  26  2:23  Queen  
  26  2:29  Overlord  
  28  2:40  Overlord  
  28  2:47  Zergling x4  
  30  2:51  Drone  
  30  2:52  Drone  
  30  2:58  Zerg Missile Weapons Level 1  
  32  3:03  Drone x2  
  34  3:15  Spine Crawler  
  34  3:16  Drone x3  
  36  3:23  Drone  
  36  3:26  Extractor  
  36  3:28  Drone  
  36  3:31  Queen  
  39  3:41  Roach Warren  
  38  3:43  Lair  
  38  3:53  Drone  
  38  3:54  Drone x2  
  41  3:55  Overlord  
  41  4:04  Drone  
  41  4:05  Drone x2  
  44  4:18  Hatchery  
  44  4:21  Drone x3  
  44  4:22  Drone  
  47  4:29  Extractor  
  46  4:32  Extractor  
  46  4:35  Roach Warren  
  44  4:40  Drone x4  
  44  4:42  Overlord  
  48  4:59  Roach x2  
  52  5:02  Overlord x3  
  52  5:04  Roach  
  52  5:05  Roach  
  56  5:11  Zerg Ground Armor Level 1  
  56  5:13  Glial Reconstitution  
  56  5:20  Drone x3  
  59  5:28  Roach, Hydralisk Den  
  58  5:29  Roach  
  58  5:32  Drone  
  58  5:33  Drone  
  64  5:38  Queen  
  66  5:47  Roach x3  
  72  5:52  Drone x2  
  72  5:53  Drone x2  
  76  5:57  Overlord  
  76  6:09  Roach x4  
  76  6:10  Roach  
  86  6:14  Hydralisk  
  86  6:15  Hydralisk  
  90  6:19  Drone x2  
  90  6:20  Drone  
  90  6:22  Overlord  
  93  6:38  Hydralisk x2  
  97  6:41  Overlord x4  
  97  6:45  Roach  
  99  6:52  Muscular Augments  
  99  7:13  Hydralisk x2  
  99  7:14  Hydralisk x3  
  109  7:23  Drone x4  
  113  7:33  Zerg Missile Weapons Level 2  
  113  7:37  Roach x2  
  117  7:55  Zergling x2  
  117  7:56  Zergling x12, Grooved Spines  
  124  8:01  Overlord x2  
  124  8:02  Hydralisk x2  
  124  8:03  Hydralisk  
  132  8:20  Roach x5  
  132  8:23  Overlord x2  
  132  8:24  Overlord  
  140  8:34  Extractor  
  140  8:36  Extractor  
  138  8:59  Roach  
  138  9:00  Roach x8  
  156  9:16  Hydralisk x4  
  156  9:17  Hydralisk  
  166  9:30  Infestation Pit  
  165  9:40  Hydralisk  
  165  9:41  Hydralisk  
  169  9:48  Overlord x4  
  152  10:09  Overlord  
  152  10:12  Drone x4  
  150  10:36  Spire  
Show
View Real Time Build Order
Export as new Build Order

Thecrazy Protoss 

Build Orders:  

Get SALT Encoding   

  12  0:11  Pylon  
  12  0:18  Assimilator  
  12  0:37  Gateway  
  12  1:01  Forge  
  12  1:06  Assimilator  
  12  1:23  Pylon  
  12  1:25  Zealot  
  14  1:53  Zealot  
  16  2:20  Zealot  
  18  2:27  Cybernetics Core  
  18  2:42  Probe  
  19  2:47  Zealot  
  21  3:06  Warp Gate  
  21  3:14  Zealot  
  25  3:41  Zealot  
  25  3:59  Pylon  
  25  4:08  Sentry  
  27  4:31  Sentry  
  29  4:42  Twilight Council  
  29  4:53  Sentry  
  31  5:11  Protoss Shields Level 1  
  31  5:16  Sentry  
  33  5:31  Charge  
  33  5:39  Adept  
  35  6:03  Pylon  
  35  6:09  Adept  
  37  6:22  Stargate  
  37  6:39  Adept  
  39  6:49  Probe  
  40  7:01  Probe  
  41  7:09  Sentry  
  41  7:13  Probe  
  44  7:32  Sentry  
  46  7:52  Pylon  
  46  8:12  Stalker  
  52  8:16  Void Ray  
  52  8:46  Fleet Beacon  
  52  8:50  Sentry  
  54  9:14  Pylon  
  54  9:54  Stalker  
  16  10:20  Zealot  
Tags
 
Composition
Roach Hydra
Matchup
PvZ
Spawn Locations
Cross Positions
Add a new tag
Caveats
  • Supply blocks, unpowered buildings, or Contaminate may cause inaccurate times.
  • Supply counts are checked every 10 seconds.